 Dungeon Crawl Stone Soup version 0.31-a0-626-g8143ab4f1d (webtiles) character file.

Game seed: 17445550310796586315

136 zenocrate the Insei (level 5, -1/33 HPs)
             Began as an Octopode Shapeshifter on Aug 25, 2023.
             Was an Initiate of Gozag.
             Succumbed to an orc priest's poison
             ... on level 6 of the Dungeon.
             The game lasted 00:02:53 (2473 turns).

zenocrate the Insei (Octopode Shapeshifter)         Turns: 2473, Time: 00:02:54

Health: -1/33      AC:  1    Str: 14    XL:     5   Next: 19%
Magic:  5/5        EV: 14    Int: 10    God:    Gozag
Gold:   130        SH:  0    Dex: 15    Spells: 4/4 levels left

rFire   x .          .
                       - Unarmed
rCold   . . .        (no shield)
rNeg    . . .        (helmet currently unavailable)
rPois   .            (no amulet)
rElec   .            (no ring)
rCorr   .            (no ring)
SInv    .            (no ring)
Will    .....        (no ring)
Stlth   ++           (no ring)
HPRegen 0.25/turn    (no ring)
MPRegen 0.09/turn    (no ring)
                     (no ring)

%: no passive effects
@: lethally poisoned (-1 -> -9), beast-form, gold aura
A: beast (slay +1), almost no armour, amphibious, 8 rings, camouflage 1,
gelatinous body 1, (nimble swimmer 1), tentacles, fangs 1, heat vulnerability 1
a: Begin Untransformation, Renounce Religion, Potion Petition, Call Merchant,
Bribe Branch


You were on level 6 of the Dungeon.
You worshipped Gozag.
Gozag was aware of your devotion.
You were a hulking beast.
You visited 2 branches of the dungeon, and saw 5 of its levels.

You collected 220 gold pieces.
You paid 90 gold pieces to Gozag.

Inventory:

Talismans
 b - a beast talisman (active)
 c - a flux talisman
Scrolls
 d - 2 scrolls of vulnerability
 f - 2 scrolls of fear
 h - a scroll of butterflies {unknown}
 i - 2 scrolls of enchant armour {unknown}
 j - a scroll of immolation {unknown}
 l - a scroll of revelation {unknown}
Potions
 e - a potion of invisibility


   Skills:
 - Level 1.0 Fighting
 - Level 3.0 Dodging
 * Level 4.9 Unarmed Combat
 + Level 3.4 Shapeshifting


You had 4 spell levels left.
You didn't know any spells.
Your spell library contained the following spells:

 Spells                   Type           Power      Damage    Failure   Level
 Summon Small Mammal      Summ           0%         N/A       36%         1
 Call Canine Familiar     Summ           0%         N/A       75%         3
 Inner Flame              Hex/Fire       0%         N/A       75%         3
 Summon Guardian Golem    Hex/Summ       0%         N/A       75%         3
 Flame Wave               Conj/Fire      0%         2d4       98%         4
 Sticky Flame             Conj/Fire      0%         2d3       98%         4


Dungeon Overview and Level Annotations

Branches:
Dungeon (6/15)             Temple (1/1) D:6

Altars:
Ashenzari
Cheibriados
Dithmenos
Elyvilon
Fedhas
Gozag
Hepliaklqana
Nemelex Xobeh
Okawaru
Qazlal
Ru
Sif Muna
Uskayaw
Vehumet
Wu Jian
Xom
Zin


Innate Abilities, Weirdness & Mutations

You are a hulking beast.
Your limbs bulge with bestial killing power. (Slay +1)
You cannot wear most types of armour.
You are amphibious.
You can wear up to eight rings at the same time.
Your skin changes colour to match your surroundings (Stealth+).
Your rubbery body absorbs attacks. (AC +1, EV +1)
((You are camouflaged when in or above water. (Stealth+)))
You have tentacles for arms and can constrict up to eight enemies at once.
You have very sharp teeth.
You are vulnerable to heat. (rF-)


Message History

There is a stone staircase leading down here.
You start resting.
An orc priest is nearby!
The orc priest hits you with a +1 demon blade of venom.
You are poisoned.
There is a stone staircase leading down here.
Unknown command.
You bludgeon the orc priest! Your grab misses the orc priest.
The orc priest is heavily wounded.
You feel very sick.
The orc priest hits you with a +1 demon blade of venom.
You are more poisoned.
Unknown command.
You closely miss the orc priest. You grab the orc priest.
You squeeze the orc priest.
You kill the orc priest!
* * * LOW HITPOINT WARNING * * *
You feel very sick.
You have reached level 5!
You feel agile.
Okay, then.
You are lethally poisoned (6 -> -7).
You are a hulking beast.
You have 8 tentacles available for constriction.
Your movement speed is average.
Your attack delay is about 0.9.
Your damage rating with unarmed combat is about 8 (Base [3 + 4 (UC)] x 110% (Str) x 101% (Fight) + 1 (Slay)).
Unknown command.
It was a potion of mutation.
You feel extremely strange.
Your teeth lengthen and sharpen.
You feel vulnerable to heat.
Your teeth shrink to normal size.
Your teeth lengthen and sharpen.
* * * LOW HITPOINT WARNING * * *
You feel very sick.
Unknown command.
Okay, then.
There is a lethal amount of poison in your body!
* * * LOW HITPOINT WARNING * * *
You feel very sick.
Things that are here:
7 gold pieces; a +1 demon blade of venom You die...
Your body crumbles into a pile of gold.

##### ###...##
##...##.## #..>####.#
##.$# ### ##h### ##
##..##.# #. ##....# #.#
##...# #.# #...###.#
##......# ###.......#
###........##
####..........#######..


There were no monsters in sight!

Vanquished Creatures
  2 orc priests (D:6)
  2 adders
  An ufetubus (D:6)
  A worm (D:2)
  3 dart slugs (D:1)
  4 orcs (D:6)
  An endoplasm (D:2)
  3 goblins (D:1)
  3 hobgoblins (D:1)
  4 jackals (D:2)
  2 quokkas
  A ball python (D:1)
  5 bats
  6 frilled lizards (D:2)
  4 kobolds
  2 rats (D:2)
44 creatures vanquished.

Notes
Turn   | Place    | Note
-------+----------+-------------------------------------------
     0 | D:1      | zenocrate the Octopode Shapeshifter began the quest for the
                  | Orb.
     0 | D:1      | Reached XP level 1. HP: 13/13 MP: 1/1
   366 | D:1      | Reached XP level 2. HP: 6/18 MP: 2/2
   768 | D:1      | Reached XP level 3. HP: 14/23 MP: 3/3
  1018 | D:2      | Found a shimmering altar of Xom.
  1403 | D:2      | Reached skill level 4 in Unarmed Combat
  1441 | D:2      | Found a faded altar of an unknown god.
  1648 | D:3      | You fall into a shaft and drop 3 floors!
  1677 | D:6      | Reached XP level 4. HP: 21/28 MP: 4/4
  1920 | D:6      | Found a staircase to the Ecumenical Temple.
  1926 | Temple   | Entered the Ecumenical Temple
  1963 | Temple   | Became a worshipper of Gozag Ym Sagoz the Greedy
  2471 | D:6      | Reached XP level 5. HP: 6/33 MP: 5/5
  2471 | D:6      | Gained mutation: You have very sharp teeth. [potion of
                  | mutation]
  2471 | D:6      | Gained mutation: You are vulnerable to heat. (rF-) [potion
                  | of mutation]
  2471 | D:6      | Lost mutation: You have very sharp teeth. [potion of
                  | mutation]
  2471 | D:6      | Gained mutation: You have very sharp teeth. [potion of
                  | mutation]
  2472 | D:6      | HP: 1/33 [poisoned by an orc priest]
  2473 | D:6      | Succumbed to an orc priest's poison

Illustrated notes

Levels and vault maps discovered:
D:1:      dpeg_arrival_shelter, layout_basic, serial_forest,
          infiniplex_forest_side_room, infiniplex_forest_end_3,
          infiniplex_forest_lined_corner, infiniplex_forest_lined_corner,
          infiniplex_forest_end_3, infiniplex_forest_clump_diagonal,
          infiniplex_forest_clump_tiny, infiniplex_forest_lined_corner,
          infiniplex_forest_pool
D:2:      wander_river, layout_basic, basic_ecumenical_altar, basic_altar,
          minmay_tromino_v4_c
D:3:      layout_loops_ring, hex_tiny
D:6:      layout_layer_cave, minmay_temple_entry_offerings,
          kennysheep_generic_room_7
Temple:   minmay_crystal_spiral_temple

Skill      XL: |  1  2  3 |
---------------+----------+-----
Dodging        | 3 |  3.0
Unarmed Combat | 4 |  4.9
Fighting       | |  1.0
Shapeshifting  | |  3.4

Action                     |  1- 3 |  4- 6 || total
---------------------------+-------+-------++-------
  Melee: Unarmed           |    78 |    19 ||    97
         Constrict         |    20 |     5 ||    25
         Tentacles         |     5 |     5 ||    10
         Punch             |     2 |       ||     2
    Use: Scroll            |     4 |       ||     4
         Potion            |     1 |     5 ||     6
   Stab: Sleeping          |    12 |       ||    12
 Armour: Skin              |    46 |     6 ||    52
  Dodge: Dodged            |    44 |     4 ||    48

Table legend: (Time is in decaauts)
 A = Elapsed time spent in this place.
 B = Non-inter-level travel time spent in this place.
 C = Inter-level travel time spent in this place.
 D = Time resting spent in this place.
 E = Time spent auto-exploring this place.
 F = Levels seen in this place.
 G = Mean time per level.
                   A        B        C        D        E       F      G
               +--------+--------+--------+--------+--------+-----+--------+
         Total |   2465 |   2351 |    114 |    202 |   1778 |   5 |  493.0 |
       Dungeon |   2390 |   2348 |     42 |    202 |   1778 |   4 |  597.5 |
        Temple |     74 |      2 |     72 |      0 |      0 |   1 |   74.0 |
               +--------+--------+--------+--------+--------+-----+--------+

Top non-repeatable levels by time:
     D:1: 975 daAuts
     D:6: 748 daAuts
     D:2: 642 daAuts
  Temple: 74 daAuts
     D:3: 23 daAuts
